[Event "Titled Tuesday Blitz June 6 Late 2023"]
[White "Skatchkov, Pavel"]
[Black "Camilla_Lee"]
[WhiteFideId "4121848"]
[WhiteElo "2476"]
[BlackElo "2496"]
[Result "1/2-1/2"]
[Round "5"]
[TimeControl "180+2"]
[Date "2023.06.07"]
[WhiteClock "0:00:10"]
[BlackClock "0:00:23"]
[Board "57"]

1. d4 Nf6 2. c4 c6 3. Nf3 d5 4. Nc3 dxc4 5. g3 g6 6. Bg2 Bg7 7. O-O Nfd7 8. a4 O-O 9. e4 e5 10. dxe5 Nxe5 11. Qe2 Nxf3+ 12. Bxf3 Be6 13. Rd1 Qe7 14. Bf4 Rd8 15. e5 Nd7 16. h4 h6 17. Qe3 Kh7 18. h5 g5 19. Qe4+ Kh8 20. Be3 Nxe5 21. Bg2 Nd3 22. Bh3 Nxb2 23. Rxd8+ Rxd8 24. Ne2 Rd1+ 25. Rxd1 Nxd1 26. Bd4 Nb2 27. Nc3 Nd3 28. a5 Qd6 29. Bxg7+ Kxg7 30. Bf1 Qc5 31. Bxd3 cxd3 32. Qxd3 Qxa5 33. Qd4+ f6 34. Ne4 Qe5 35. Qd8 Qxe4 36. Qe7+ Kg8 37. Qe8+ Kh7 38. Qe7+ Kh8 39. Qe8+ Kg7 40. Qe7+ Kg8 41. Qe8+ Kg7 42. Qe7+ 1/2-1/2


[Site "https://www.chess.com"]

[Event "Titled Tuesday Blitz June 6 Late 2023"]
[White "Yeritsyan, Hayk"]
[Black "Fiorito, Joaquin"]
[WhiteFideId "13307320"]
[BlackFideId "180173"]
[WhiteElo "2491"]
[BlackElo "2199"]
[Result "1/2-1/2"]
[Round "5"]
[TimeControl "180+2"]
[Date "2023.06.07"]
[WhiteClock "0:00:08"]
[BlackClock "0:00:04"]
[Board "58"]

1. d4 Nf6 2. Nf3 d5 3. e3 c5 4. Bd3 Nc6 5. c3 Bg4 6. Nbd2 e5 7. dxe5 Nxe5 8. Be2 Nxf3+ 9. Bxf3 Be6 10. e4 Be7 11. exd5 Nxd5 12. O-O O-O 13. Ne4 Qc7 14. Ng5 Bxg5 15. Bxg5 Nf4 16. Bxf4 Qxf4 17. Qc1 Qc7 18. a3 Rad8 19. Rd1 Bb3 20. Rxd8 Rxd8 21. Qe3 g6 22. h3 b6 23. Re1 Be6 24. Rd1 Rxd1+ 25. Bxd1 Qd6 26. Be2 Kg7 27. Qd3 Qe5 28. Qd2 Bd5 29. f4 Qe6 30. Kf2 h5 31. g4 hxg4 32. hxg4 Bc6 33. Qe3 Qd7 34. Qe5+ f6 35. Qe3 Kf8 36. g5 fxg5 37. fxg5 Qf5+ 38. Kg3 Kf7 39. Qf4 Bd7 40. Qxf5+ Bxf5 41. Kf4 Ke7 42. Ke5 Bc2 43. Bc4 Bf5 44. Bg8 Bd3 45. Be6 Bc2 46. b4 cxb4 47. cxb4 a5 48. Bd5 axb4 49. axb4 Bd3 50. Bc6 Bc2 51. Bb5 Bb1 52. Bc4 Bf5 53. Bd5 Bd3 54. Bg8 Bf5 55. Kd5 Kd7 56. Ke5 Ke7 57. Bd5 Bd3 1/2-1/2


[Site "https://www.chess.com"]

[Event "Titled Tuesday Blitz June 6 Late 2023"]
[White "Barria Santos, Jose Guilherme"]
[Black "Eugene, Floryan"]
[WhiteFideId "1939300"]
[BlackFideId "20694784"]
[WhiteElo "2266"]
[BlackElo "2369"]
[Result "0-1"]
[Round "5"]
[TimeControl "180+2"]
[Date "2023.06.07"]
[WhiteClock "0:01:49"]
[BlackClock "0:01:03"]
[Board "59"]

1. d4 f5 2. c4 Nf6 3. Nc3 d6 4. Nf3 g6 5. g3 Bg7 6. Bg2 O-O 7. O-O c6 8. Re1 Na6 9. b3 Qc7 10. Bb2 e5 11. dxe5 dxe5 12. e4 Nxe4 13. Nxe4 fxe4 14. Ng5 Nc5 15. Nxe4 Rd8 16. Qe2 Nd3 17. Red1 Nxb2 18. Qxb2 Bg4 19. Rd2 Rd4 20. h3 Bf5 21. Re1 Rad8 22. Rde2 h5 23. Qc1 Qc8 24. Kh2 a5 25. Qg5 Qe6 26. Nc5 Qf7 27. Qc1 Kh7 28. Ne4 Bxe4 29. Bxe4 Rxe4 30. Rxe4 Qxf2+ 31. Kh1 Rd2 0-1


[Site "https://www.chess.com"]

[Event "Titled Tuesday Blitz June 6 Late 2023"]
[White "Alexikov, Alexander"]
[Black "Melikyan, Gnel"]
[WhiteFideId "14103958"]
[BlackFideId "54109990"]
[WhiteElo "2186"]
[BlackElo "2138"]
[Result "1-0"]
[Round "5"]
[TimeControl "180+2"]
[Date "2023.06.07"]
[WhiteClock "0:00:57"]
[BlackClock "0:01:10"]
[Board "60"]

1. e4 c6 2. d3 d5 3. Nd2 Nf6 4. Ngf3 g6 5. g3 Bg7 6. Bg2 O-O 7. O-O e6 8. Re1 b6 9. Qe2 Bb7 10. a4 c5 11. e5 Nfd7 12. c3 Nc6 13. d4 cxd4 14. cxd4 Rc8 15. Nb1 Re8 16. Nc3 Na5 17. Bg5 Qc7 18. Nb5 Qc2 19. Nd6 Qxe2 20. Rxe2 Ba6 21. Ree1 Nb3 22. Rad1 Bf8 23. Nxe8 Rxe8 24. Re3 Na5 25. Bf1 Bxf1 26. Kxf1 Rc8 27. Rc3 Rxc3 28. bxc3 Nb8 29. Nd2 Nbc6 30. Be3 Ba3 31. Rb1 Ne7 32. g4 Nc4 33. Nxc4 dxc4 34. a5 Nd5 35. axb6 axb6 36. Bh6 Bf8 37. Bxf8 Kxf8 38. Ke1 Ke7 39. Kd2 Kd7 40. Ra1 Nc7 41. h4 b5 42. h5 Ke7 43. Ra7 Kd7 44. h6 Kc6 45. f4 Kb6 46. Ra1 Kc6 47. f5 Kd7 48. fxg6 fxg6 49. Rf1 Ke7 50. Rf6 Nd5 51. Rxg6 1-0


[Site "https://www.chess.com"]

[Event "Titled Tuesday Blitz June 6 Late 2023"]
[White "Arnold, Ken"]
[Black "MaryanKyrychenko"]
[WhiteFideId "2056836"]
[WhiteElo "2452"]
[BlackElo "2632"]
[Result "0-1"]
[Round "5"]
[TimeControl "180+2"]
[Date "2023.06.07"]
[WhiteClock "0:00:19"]
[BlackClock "0:00:35"]
[Board "61"]

1. e4 c5 2. Nf3 d6 3. d4 cxd4 4. Qxd4 Nf6 5. e5 Nfd7 6. exd6 Nc6 7. dxe7 Bxe7 8. Qd1 O-O 9. Bd3 Nde5 10. Be2 Qc7 11. O-O Rd8 12. Nbd2 Bf5 13. c3 Bf6 14. Qa4 Nd3 15. Nb3 Re8 16. Bxd3 Bxd3 17. Bf4 b5 18. Bxc7 bxa4 19. Rfd1 Bc2 20. Nbd4 Bxd1 21. Rxd1 Nxd4 22. cxd4 Rac8 23. Ba5 Rc2 24. b3 Rxa2 25. bxa4 Rxa4 26. Bc3 Rd8 27. g3 Ra3 28. Bb2 Rxf3 0-1


[Site "https://www.chess.com"]

[Event "Titled Tuesday Blitz June 6 Late 2023"]
[White "Harish, Neeraj"]
[Black "Safin, Robert"]
[WhiteFideId "30958130"]
[BlackFideId "34189120"]
[WhiteElo "1879"]
[BlackElo "2341"]
[Result "1-0"]
[Round "5"]
[TimeControl "180+2"]
[Date "2023.06.07"]
[WhiteClock "0:00:04"]
[BlackClock "0:00:13"]
[Board "62"]

1. e4 e6 2. d4 d5 3. e5 c5 4. c3 Qb6 5. Nf3 Nc6 6. Bd3 cxd4 7. O-O Nge7 8. h4 Bd7 9. Re1 h6 10. h5 a6 11. Nbd2 dxc3 12. bxc3 Qc7 13. Ba3 Nc8 14. Bxf8 Rxf8 15. c4 dxc4 16. Nxc4 b5 17. Ncd2 Nb6 18. Rc1 Ke7 19. Ne4 Rfd8 20. Nd6 Be8 21. Qe2 Nc8 22. Ne4 Qb6 23. Bb1 Ra7 24. Nc5 Rc7 25. Qe4 Nd4 26. Nxd4 Rxc5 27. Qh4+ Kd7 28. Rxc5 Qxc5 29. Rd1 Qe7 30. Nb3+ Kc6 31. Qxe7 Rxd1+ 32. Kh2 Bd7 33. Qxf7 Rxb1 34. Qxg7 a5 35. Nxa5+ Kc7 36. Nb3 Rb2 37. Qxh6 Rxa2 38. Nc5 Kc6 39. Nxd7 Kxd7 40. Qg7+ Kc6 41. Qf7 Rc2 42. Qxe6+ Kb7 43. h6 b4 44. Qb3 Rc6 45. Qxb4+ Nb6 46. Qf4 Nd5 47. Qf7+ Nc7 48. h7 Rh6+ 49. Kg3 Kc6 50. Kg4 Nd5 51. Kg5 1-0


[Site "https://www.chess.com"]

[Event "Titled Tuesday Blitz June 6 Late 2023"]
[White "Maksimovic, Bojan"]
[Black "marik_spb"]
[WhiteFideId "14408120"]
[WhiteElo "2457"]
[BlackElo "2437"]
[Result "1-0"]
[Round "5"]
[TimeControl "180+2"]
[Date "2023.06.07"]
[WhiteClock "0:01:29"]
[BlackClock "0:00:10"]
[Board "63"]

1. e4 c6 2. d4 d5 3. Nc3 dxe4 4. Nxe4 Nf6 5. Nxf6+ exf6 6. c3 Bd6 7. Bd3 Na6 8. Ne2 Nc7 9. Qc2 h5 10. O-O O-O 11. Ng3 h4 12. Nf5 Bxf5 13. Bxf5 Nd5 14. Be4 Re8 15. Bd2 Qc7 16. h3 Nf4 17. Rfe1 Qd7 18. Bf3 Bc7 19. Bxf4 Bxf4 20. Re4 Rxe4 21. Qxe4 Qc7 22. Re1 g6 23. Qe7 Rc8 24. Qxf6 Bd6 25. Qxh4 Rd8 26. Qf6 Qd7 27. Re4 Bc7 28. Rh4 Bh2+ 29. Kxh2 Qd6+ 30. Qxd6 Rxd6 31. Re4 Kg7 32. Re7 c5 33. d5 Rb6 34. b3 a5 35. Rc7 a4 36. bxa4 Rb2 37. Rxc5 Rxa2 38. a5 Rxf2 39. d6 Rd2 40. Rd5 Rxd5 41. Bxd5 Kf6 42. Bxb7 Ke6 43. a6 Kxd6 44. a7 1-0


[Site "https://www.chess.com"]

[Event "Titled Tuesday Blitz June 6 Late 2023"]
[White "Aggelis, Nikolaos"]
[Black "Simonian, Hrair"]
[WhiteFideId "4213220"]
[BlackFideId "13302337"]
[WhiteElo "2189"]
[BlackElo "2447"]
[Result "0-1"]
[Round "5"]
[TimeControl "180+2"]
[Date "2023.06.07"]
[WhiteClock "0:00:10"]
[BlackClock "0:00:10"]
[Board "64"]

1. c4 e5 2. g3 Nc6 3. Bg2 Nf6 4. Nc3 Bb4 5. Nd5 Bc5 6. e3 O-O 7. Ne2 Re8 8. O-O e4 9. a3 a5 10. Rb1 b6 11. b4 axb4 12. axb4 Bf8 13. Nec3 Nxd5 14. Nxd5 d6 15. Qc2 Bf5 16. Bb2 Ne5 17. Ra1 Rxa1 18. Rxa1 c6 19. Nf4 d5 20. b5 Nxc4 21. bxc6 Qd6 22. Rc1 Qxc6 23. Nxd5 Qxd5 24. Qxc4 Qxd2 25. Bd4 b5 26. Qc2 Qxc2 27. Rxc2 b4 28. h3 b3 29. Rb2 Rb8 30. g4 Be6 31. Bxe4 Ba3 32. Rb1 b2 33. Rd1 Rc8 34. Kg2 Rc1 35. Bxb2 Rxd1 36. Bxa3 Bd5 37. Bxd5 Rxd5 38. Bb2 Rd3 39. Bd4 Rb3 40. f4 h6 41. h4 g6 42. Kg3 f5 43. h5 Kf7 44. hxg6+ Kxg6 45. gxf5+ Kxf5 46. Kh4 Rb1 47. Bc5 Rh1+ 48. Kg3 h5 49. Bd4 Rd1 50. Bc5 Rg1+ 51. Kh2 Rg4 52. Bd4 Ke4 53. Kh3 Rg1 54. Kh4 Rh1+ 55. Kg3 Kf5 56. Kf3 Rh3+ 57. Kg2 Kg4 58. f5 Rg3+ 59. Kh2 Rf3 60. f6 h4 61. Kg2 h3+ 62. Kh2 Rf2+ 63. Kg1 h2+ 64. Kh1 Kh3 0-1


[Site "https://www.chess.com"]

[Event "Titled Tuesday Blitz June 6 Late 2023"]
[White "Skvortsov, Andrei"]
[Black "Krishnakumar, Sriram"]
[WhiteFideId "24108600"]
[BlackFideId "30915856"]
[WhiteElo "2259"]
[BlackElo "2500"]
[Result "1-0"]
[Round "5"]
[TimeControl "180+2"]
[Date "2023.06.07"]
[WhiteClock "0:01:01"]
[BlackClock "0:00:40"]
[Board "65"]

1. e4 e5 2. d4 Nc6 3. dxe5 Nxe5 4. Nc3 d6 5. f4 Nc6 6. Nf3 g6 7. Bc4 Be6 8. Qe2 Qd7 9. Nd5 Bg7 10. c3 O-O-O 11. O-O Nge7 12. Nxe7+ Qxe7 13. Ng5 Kb8 14. Nxe6 fxe6 15. Be3 Rhf8 16. Rae1 Na5 17. Bd3 b6 18. h3 Nb7 19. Bc2 h5 20. e5 dxe5 21. Bxg6 h4 22. Qg4 exf4 23. Bxf4 e5 24. Be3 Rxf1+ 25. Rxf1 Rf8 26. Re1 Nd6 27. Bd3 Bf6 28. Bf2 Qf7 29. b3 Rg8 30. Qf3 Qg7 31. c4 Bg5 32. c5 Rf8 33. Qg4 Ne8 34. cxb6 axb6 35. Qe4 Nd6 36. Qxe5 Bf6 37. Qd5 Bc3 38. Be4 Kc8 39. Qa8+ Kd7 40. Bc6# 1-0


[Site "https://www.chess.com"]

[Event "Titled Tuesday Blitz June 6 Late 2023"]
[White "Do Valle Cardoso, Lucas"]
[Black "Hristodoulou, Panagiotis"]
[WhiteFideId "2163144"]
[BlackFideId "4214340"]
[WhiteElo "2364"]
[BlackElo "2272"]
[Result "1-0"]
[Round "5"]
[TimeControl "180+2"]
[Date "2023.06.07"]
[WhiteClock "0:00:43"]
[BlackClock "0:02:02"]
[Board "66"]

1. e4 e5 2. Nf3 Nc6 3. d4 exd4 4. Bc4 Nf6 5. e5 d5 6. Bb5 Nd7 7. O-O Be7 8. Re1 O-O 9. Bxc6 bxc6 10. Nxd4 Nb8 11. Nc3 c5 12. Nf3 Be6 13. h3 Nc6 14. b3 Qd7 15. Ba3 Nb4 16. Ne2 a5 17. c3 Nc6 18. Bc1 a4 19. Be3 h6 20. Nf4 Ra6 21. Nd3 d4 22. cxd4 cxd4 23. Bd2 axb3 24. axb3 Ra2 25. Rxa2 1-0


[Site "https://www.chess.com"]

[Event "Titled Tuesday Blitz June 6 Late 2023"]
[White "Pasti, Aron"]
[Black "Ozer, Omer Faruk"]
[WhiteFideId "785857"]
[BlackFideId "6354564"]
[WhiteElo "2173"]
[BlackElo "2260"]
[Result "0-1"]
[Round "5"]
[TimeControl "180+2"]
[Date "2023.06.07"]
[WhiteClock "0:00:02"]
[BlackClock "0:00:12"]
[Board "67"]

1. e4 g6 2. Ne2 Bg7 3. d4 d6 4. h4 Nf6 5. Ng3 h5 6. Bg5 Nc6 7. c3 e5 8. d5 Ne7 9. Na3 Nh7 10. Bb5+ Kf8 11. Be3 c6 12. dxc6 bxc6 13. Bd3 Nf6 14. Nc4 Ng4 15. Be2 Nxe3 16. Nxe3 Rb8 17. Qc2 d5 18. Rd1 Be6 19. O-O Bh6 20. b4 Qb6 21. Qd2 Kg7 22. Qc1 Rhd8 23. exd5 cxd5 24. Qb2 Bxe3 25. fxe3 Qxe3+ 26. Kh2 Rbc8 27. Rd3 Qb6 28. Rdf3 f5 29. c4 d4 30. c5 Qc7 31. Qd2 e4 32. Rf4 Qe5 33. Kh1 Nd5 34. Nxh5+ gxh5 35. Rxf5 e3 36. Rxe5 exd2 37. Rxe6 Nc3 38. Bd1 Re8 39. Rxe8 Rxe8 40. c6 Re1 41. c7 Rxf1+ 42. Kh2 Rf8 0-1


[Site "https://www.chess.com"]

[Event "Titled Tuesday Blitz June 6 Late 2023"]
[White "Korchmar, Vasiliy"]
[Black "ArchibaldCerveza29"]
[WhiteFideId "24131750"]
[WhiteElo "2370"]
[BlackElo "2484"]
[Result "1-0"]
[Round "5"]
[TimeControl "180+2"]
[Date "2023.06.07"]
[WhiteClock "0:00:08"]
[BlackClock "0:00:01"]
[Board "68"]

1. e4 e5 2. Nf3 Nc6 3. Bc4 Nf6 4. d3 Be7 5. O-O O-O 6. Nc3 d6 7. a4 Nb8 8. d4 Nbd7 9. Re1 c6 10. h3 Qc7 11. Be3 Re8 12. Ba2 h6 13. Nh4 Bf8 14. Nf5 a6 15. Qf3 exd4 16. Bxd4 Ne5 17. Nxh6+ gxh6 18. Bxe5 Rxe5 19. Qxf6 Bg7 20. Qf4 Be6 21. Bxe6 Rxe6 22. Rad1 Rae8 23. Rd3 Kh8 24. Red1 Be5 25. Qh4 Rg8 26. Ne2 Rgg6 27. Nf4 Bxf4 28. Qxf4 Qe7 29. f3 Kg7 30. a5 Qg5 31. Qxg5 hxg5 32. Rb3 Re7 33. Rd4 Rge6 34. Rdb4 Re5 35. Rxb7 Rxb7 36. Rxb7 Rxa5 37. Rd7 d5 38. exd5 cxd5 39. c3 Kf6 40. Kh2 Ke6 41. Rb7 Ke5 42. Rxf7 Rb5 43. Rg7 Kf6 44. Ra7 Rxb2 45. Rxa6+ Ke5 46. Rg6 Kf5 47. Rc6 Rc2 48. Kg3 Ke5 49. Rc8 Kf5 50. Rd8 Ke5 51. Re8+ Kf5 52. Re3 Rd2 53. Re1 Rc2 54. Rd1 Ke5 55. Rd3 Re2 56. Rd4 Rc2 57. Rd3 Re2 58. Kh2 Rc2 59. Kg1 Kf4 60. Rxd5 Rxc3 61. Rd4+ Ke3 62. Re4+ Kd3 63. Kh2 Rc2 64. Kg3 Ra2 65. Re5 Kd4 66. Rxg5 Ra6 67. h4 Kc4 68. Kg4 Ra3 69. g3 Kc3 70. h5 Kb2 71. h6 Ka2 72. h7 Rb3 73. h8=Q Kb1 74. Qh1+ Kb2 75. Re5 Rc3 76. Rb5+ Rb3 77. Qg2+ 1-0


[Site "https://www.chess.com"]

[Event "Titled Tuesday Blitz June 6 Late 2023"]
[White "Urbina Perez, Juan Antonio"]
[Black "Ibadov, Dashgyn"]
[WhiteFideId "2217368"]
[BlackFideId "24107514"]
[WhiteElo "2197"]
[BlackElo "2208"]
[Result "1-0"]
[Round "5"]
[TimeControl "180+2"]
[Date "2023.06.07"]
[WhiteClock "0:00:29"]
[BlackClock "0:00:02"]
[Board "69"]

1. d4 d5 2. Nf3 Nf6 3. c4 e6 4. g3 Be7 5. Bg2 O-O 6. O-O c6 7. b3 b6 8. Bb2 Bb7 9. Nc3 Nbd7 10. Re1 a5 11. Rc1 a4 12. Qd3 axb3 13. axb3 c5 14. cxd5 exd5 15. Ne5 cxd4 16. Nxd7 Qxd7 17. Nb1 Ne4 18. Bxd4 Qe6 19. Nc3 Bb4 20. Red1 Rfc8 21. Nxe4 dxe4 22. Qe3 h6 23. h4 Bd5 24. Bxb6 Bxb3 25. Rxc8+ Rxc8 26. Rb1 Be7 27. Qxb3 Qf5 28. Be3 Bf8 29. Kh2 Re8 30. Qc4 Re6 31. Bh3 1-0


[Site "https://www.chess.com"]

[Event "Titled Tuesday Blitz June 6 Late 2023"]
[White "Rios Escobar, Adan"]
[Black "Bjelobrk, Igor"]
[WhiteFideId "3403645"]
[BlackFideId "4300726"]
[WhiteElo "2480"]
[BlackElo "2319"]
[Result "0-1"]
[Round "5"]
[TimeControl "180+2"]
[Date "2023.06.07"]
[WhiteClock "0:00:02"]
[BlackClock "0:01:10"]
[Board "70"]

1. d4 e6 2. c4 b6 3. g3 Bb7 4. Nf3 Bb4+ 5. Bd2 Bxf3 6. exf3 Bxd2+ 7. Qxd2 Nf6 8. Nc3 d5 9. cxd5 Nxd5 10. O-O-O Nc6 11. Bb5 Qd7 12. Nxd5 Qxd5 13. Bxc6+ Qxc6+ 14. Kb1 O-O-O 15. Qc3 Kb7 16. f4 Rd6 17. Rhe1 Qd7 18. d5 f6 19. Qf3 exd5 20. Rc1 Re8 21. Red1 c6 22. Rd3 Rde6 23. Rdc3 d4 24. Rc4 d3 25. Rd1 Rd6 26. b4 Rd5 27. Rd2 Rd8 28. a4 a6 29. Kb2 Qd6 30. Kc3 Rd7 31. h4 h5 32. f5 Qe5+ 33. Kb3 Qa1 34. b5 axb5 35. Rc3 bxa4+ 36. Kb4 Rb5+ 37. Kc4 Rc5+ 38. Kb4 Qxc3+ 39. Kxa4 b5# 0-1


[Site "https://www.chess.com"]

[Event "Titled Tuesday Blitz June 6 Late 2023"]
[White "Van Dael, Siem"]
[Black "Schnaider, Ilan"]
[WhiteFideId "1049771"]
[BlackFideId "169013"]
[WhiteElo "2336"]
[BlackElo "2224"]
[Result "1-0"]
[Round "5"]
[TimeControl "180+2"]
[Date "2023.06.07"]
[WhiteClock "0:00:07"]
[BlackClock "0:00:09"]
[Board "71"]

1. e4 c5 2. Nf3 d6 3. d4 cxd4 4. Nxd4 Nf6 5. Nc3 a6 6. Be3 Ng4 7. Bc1 Nc6 8. f3 Nf6 9. Be3 e6 10. Qd2 Qc7 11. O-O-O b5 12. Nxc6 Qxc6 13. Ne2 Bb7 14. Nd4 Qc7 15. g4 Be7 16. Kb1 Rc8 17. h4 Nd7 18. g5 Ne5 19. h5 d5 20. f4 Ng4 21. e5 Nxe3 22. Qxe3 Bc5 23. Rh2 Qb6 24. Rhd2 g6 25. Qh3 Ke7 26. Bg2 Qc7 27. c3 b4 28. Rc1 bxc3 29. Rxc3 Qb6 30. Rb3 Qa7 31. Qc3 Rc7 32. Qa5 Rhc8 33. Rc2 Qb8 34. Rbc3 Qa7 35. Nb3 Bb6 36. Rxc7+ Rxc7 37. Rxc7+ Kd8 38. Rxb7 Qxb7 39. Qb4 Qc7 40. Qf8+ Kd7 41. Qxf7+ Kd8 42. Qf8+ Kd7 43. Qf7+ Kd8 44. Qxc7+ Kxc7 45. hxg6 hxg6 46. Bh3 Kd7 47. Nd2 Be3 48. Nf3 Bxf4 49. Kc2 Ke7 50. Kd3 Bc1 51. b3 a5 52. Kd4 Bb2+ 53. Kc5 Bc1 54. Kb5 Bd2 55. Nxd2 a4 56. bxa4 Kd7 57. Nf3 Kc7 58. Nd4 Kd7 59. Bxe6+ Ke7 60. Bxd5 Kd8 61. Kc6 Kc8 62. e6 Kb8 63. e7 Ka7 64. e8=Q Ka6 65. Qa8# 1-0


[Site "https://www.chess.com"]

[Event "Titled Tuesday Blitz June 6 Late 2023"]
[White "Seletsky, Grigory"]
[Black "Gomez Ledo, Roberto Carlos"]
[WhiteFideId "14112191"]
[BlackFideId "3507076"]
[WhiteElo "2491"]
[BlackElo "2378"]
[Result "1-0"]
[Round "5"]
[TimeControl "180+2"]
[Date "2023.06.07"]
[WhiteClock "0:00:07"]
[BlackClock "0:00:12"]
[Board "72"]

1. e4 d6 2. d4 Nf6 3. f3 h5 4. c4 e5 5. d5 c5 6. Nc3 Be7 7. Bd3 Nbd7 8. Be3 h4 9. Qd2 Nf8 10. Nge2 Ng6 11. O-O-O Nh7 12. g3 Bg5 13. f4 Bh6 14. Kb1 h3 15. Rhf1 Nf6 16. Ng1 Ng4 17. Rf3 Nxe3 18. Qxe3 Bg4 19. Rdf1 Bxf3 20. Rxf3 Qf6 21. Nce2 O-O 22. Nxh3 a6 23. Qf2 b5 24. f5 Ne7 25. g4 Bg5 26. Kc2 bxc4 27. Bxc4 Rfb8 28. Nxg5 Qxg5 29. Qg3 Rb4 30. b3 f6 31. h4 Qh6 32. g5 fxg5 33. hxg5 Qh1 34. Qg4 Rab8 35. Nc3 Rxc4 36. bxc4 Qa1 37. Qh5 Rb2+ 38. Kd3 Rb8 39. f6 1-0


[Site "https://www.chess.com"]

[Event "Titled Tuesday Blitz June 6 Late 2023"]
[White "Lima, Kleyton Alcantara"]
[Black "Abrahamyan, Tatev"]
[WhiteFideId "22718397"]
[BlackFideId "13301918"]
[WhiteElo "2009"]
[BlackElo "2342"]
[Result "0-1"]
[Round "5"]
[TimeControl "180+2"]
[Date "2023.06.07"]
[WhiteClock "0:00:58"]
[BlackClock "0:00:54"]
[Board "73"]

1. e4 e6 2. d4 d5 3. Nc3 Nf6 4. e5 Nfd7 5. f4 c5 6. Nf3 Nc6 7. Be3 cxd4 8. Nxd4 Qb6 9. Qd2 Qxb2 10. Rb1 Qa3 11. Bb5 Nxd4 12. Bxd4 a6 13. Bxd7+ Bxd7 14. Rb3 Qe7 15. Rxb7 Qd8 16. O-O Qc8 17. Rfb1 Bc5 18. Qf2 Bxd4 19. Qxd4 Bc6 20. R7b3 O-O 21. f5 exf5 22. Nxd5 Bxd5 23. Qxd5 Rd8 24. Qf3 Qxc2 25. Qxa8 Qc5+ 26. Kf1 Rxa8 27. Rb8+ Rxb8 28. Rxb8+ Qf8 29. Rxf8+ Kxf8 30. Ke2 Ke7 31. Ke3 Ke6 32. Kd4 g5 33. g3 f6 34. exf6 Kxf6 35. a4 a5 36. Ke3 Ke5 37. h4 gxh4 38. gxh4 h5 39. Kf3 f4 40. Kf2 Ke4 41. Ke2 f3+ 42. Kf2 Kf4 43. Kf1 Kg3 44. Kg1 Kxh4 45. Kf2 Kg4 46. Kf1 Kg3 47. Kg1 f2+ 48. Kf1 h4 0-1


[Site "https://www.chess.com"]

[Event "Titled Tuesday Blitz June 6 Late 2023"]
[White "Domingo Nunez, Ruben"]
[Black "Petesch, Gabriel"]
[WhiteFideId "22245570"]
[BlackFideId "2032465"]
[WhiteElo "2404"]
[BlackElo "2374"]
[Result "0-1"]
[Round "5"]
[TimeControl "180+2"]
[Date "2023.06.07"]
[WhiteClock "0:00:02"]
[BlackClock "0:00:14"]
[Board "74"]

1. b3 Nf6 2. Bb2 g6 3. Nf3 Bg7 4. g3 O-O 5. Bg2 b6 6. O-O Bb7 7. c4 c5 8. d4 cxd4 9. Qxd4 d5 10. Rd1 Nc6 11. Qh4 h6 12. cxd5 a5 13. Na3 Nb4 14. e4 g5 15. Nxg5 hxg5 16. Qxg5 Ne8 17. Nc4 e6 18. Qg4 exd5 19. Ne3 Bc8 20. Qh5 Bxb2 21. Rab1 Ng7 22. Qe2 Bf6 23. a3 Ba6 24. Qg4 Qc8 25. Qf4 Nh5 26. Qh6 Bd3 27. Rbc1 Qe6 28. axb4 Bb2 29. Qxh5 Bxc1 30. Rxd3 Bxe3 31. Rxd5 Bh6 32. Bh3 Qg6 33. Qf3 Rad8 34. Bf5 Qf6 35. Rb5 Kg7 36. e5 Qg5 37. h4 Qc1+ 38. Kg2 Rd1 39. Qg4+ Kh8 40. Qh5 Rg1+ 41. Kh3 Rh1+ 42. Kg2 Qf1+ 43. Kf3 Qd1+ 0-1


[Site "https://www.chess.com"]

[Event "Titled Tuesday Blitz June 6 Late 2023"]
[White "QuiesPrecatio"]
[Black "Adewumi, Tanitoluwa"]
[BlackFideId "30966396"]
[WhiteElo "2447"]
[BlackElo "2607"]
[Result "0-1"]
[Round "5"]
[TimeControl "180+2"]
[Date "2023.06.07"]
[WhiteClock "0:00:05"]
[BlackClock "0:00:03"]
[Board "75"]

1. d4 Nf6 2. c4 e6 3. g3 d5 4. Bg2 Bb4+ 5. Bd2 Bd6 6. Nf3 O-O 7. O-O Nbd7 8. Qc2 Ne4 9. Nc3 Nxc3 10. Bxc3 f5 11. Ne5 Nf6 12. f3 c5 13. Rad1 Qc7 14. f4 b5 15. cxb5 cxd4 16. Rxd4 Bc5 17. Qd2 a6 18. bxa6 Bxa6 19. Rc1 Rfc8 20. e3 Bxd4 21. Qxd4 Rab8 22. Rd1 Qb7 23. h3 Qb5 24. g4 Qc5 25. g5 Qxd4 26. Rxd4 Ne4 27. Bxe4 fxe4 28. Nd7 Rb7 29. Ne5 h6 30. gxh6 gxh6 31. Ng4 h5 32. Nf6+ Kf7 33. Nxh5 Rg8+ 34. Kh2 Be2 35. Ng3 Bf3 36. Ra4 Rbb8 37. Ra7+ Kg6 38. h4 Kh6 39. Rf7 Rg6 40. h5 Bxh5 41. Be5 Rbg8 42. f5 exf5 43. Bf4+ Rg5 44. Nxf5+ Kg6 45. Bxg5 Kxf7 46. Bf4 Ke6 47. Ng3 Bf3 48. Kg1 Rh8 49. Kf2 Rh2+ 50. Ke1 Rxb2 0-1


[Site "https://www.chess.com"]

[Event "Titled Tuesday Blitz June 6 Late 2023"]
[White "Luong Phuong Hanh"]
[Black "Mendez Fortes, Eduardo Jesus"]
[WhiteFideId "12401013"]
[BlackFideId "3502376"]
[WhiteElo "2081"]
[BlackElo "2307"]
[Result "0-1"]
[Round "5"]
[TimeControl "180+2"]
[Date "2023.06.07"]
[WhiteClock "0:00:03"]
[BlackClock "0:00:09"]
[Board "77"]

1. d4 Nf6 2. Nf3 d5 3. c4 e6 4. g3 dxc4 5. Bg2 a6 6. Ne5 Bb4+ 7. Nc3 Nd5 8. Bd2 b5 9. O-O Bxc3 10. bxc3 Bb7 11. a4 c6 12. e4 Ne7 13. Qg4 O-O 14. Rfb1 Qc8 15. h4 Nd7 16. Bh6 Ng6 17. Nxd7 Qxd7 18. Be3 f5 19. exf5 exf5 20. Qg5 Rf6 21. h5 h6 22. Qxf6 gxf6 23. hxg6 Kg7 24. Bf4 Re8 25. Bf3 Kxg6 26. Rd1 Ba8 27. Kg2 c5 28. d5 b4 29. cxb4 cxb4 30. Rd4 Rc8 31. Rh1 b3 32. Rxh6+ Kg7 33. Rh1 c3 34. Bh6+ Kg8 35. Be3 b2 36. Rdh4 Bxd5 37. Rh8+ Kf7 38. R1h7+ Ke6 39. Rxd7 Bxf3+ 40. Kxf3 b1=Q 41. Rhh7 Qb4 42. Rb7 Qd6 43. Kg2 c2 44. Bc1 Qc6+ 45. Kh2 Re8 46. Ba3 c1=Q 47. Bxc1 Qxc1 48. Rb6+ Kd5 49. Rd7+ Ke4 50. Kg2 f4 0-1


[Site "https://www.chess.com"]

[Event "Titled Tuesday Blitz June 6 Late 2023"]
[White "Kaplan, Avi Harrison"]
[Black "Makaraci, Tunahan"]
[WhiteFideId "30934559"]
[BlackFideId "6356559"]
[WhiteElo "1983"]
[BlackElo "2160"]
[Result "0-1"]
[Round "5"]
[TimeControl "180+2"]
[Date "2023.06.07"]
[WhiteClock "0:00:02"]
[BlackClock "0:00:39"]
[Board "78"]

1. b3 e5 2. Bb2 d6 3. e3 g6 4. f4 Bg7 5. Nf3 Bg4 6. fxe5 dxe5 7. Bc4 Nh6 8. O-O O-O 9. h3 Bxf3 10. Qxf3 e4 11. Bxg7 exf3 12. Bxh6 Nd7 13. Bxf8 Qxf8 14. d4 Nb6 15. Rxf3 Nxc4 16. bxc4 Qb4 17. Rf1 Qb2 18. Nd2 Re8 19. Kf2 Qxc2 20. Rfd1 Qd3 21. Nf1 Qxc4 22. Rac1 Qxa2+ 23. Rd2 Qa5 24. Rc5 Qb6 25. Ng3 Qf6+ 26. Ke2 b6 27. Rc3 c5 28. Rcd3 c4 29. Rc3 b5 30. Nf1 Qc6 31. d5 Qc5 32. d6 b4 33. d7 Rd8 34. Rc1 c3 35. Rd4 Qb5+ 36. Kf2 Rxd7 37. Rxd7 Qxd7 38. Kg1 Qd3 39. e4 b3 40. e5 b2 41. Re1 b1=Q 42. Rxb1 Qxb1 43. e6 fxe6 44. Kf2 c2 45. Nd2 Qd1 46. Nb3 Qd3 47. Nc1 Qd2+ 48. Ne2 Qc1 49. Nxc1 Kf7 50. Ke3 Kf6 51. Kd3 Ke5 52. Ne2 c1=Q 53. Nxc1 Kf4 54. Ke2 Kg3 55. Kf1 a5 56. Kg1 a4 57. Ne2+ Kh4 58. Kf2 a3 59. Nc3 Kg5 60. Kg3 Kf5 61. Kf3 Ke5 62. Ke3 g5 63. g3 h5 64. Kd3 h4 65. g4 Kf4 66. Ke2 Kg3 67. Ke3 Kxh3 68. Kf3 e5 69. Ke4 Kxg4 70. Ke3 h3 71. Kf2 e4 72. Kg1 e3 73. Kh2 e2 74. Nxe2 a2 75. Ng3 a1=Q 76. Nf1 Qb2+ 77. Nd2 Qxd2+ 78. Kh1 Qg2# 0-1


[Site "https://www.chess.com"]